 Dungeon Crawl Stone Soup version 0.30-a0-272-gf98c3da03f (webtiles) character file.

Game seed: 6786563539638015545

20031 exia the Severer (level 12, -3/110 HPs)
             Began as a Hill Orc Fighter on Oct 15, 2022.
             Was an Elder of Okawaru.
             Succumbed to a cane toad's poison
             ... on level 2 of the Lair of Beasts.
             The game lasted 00:20:49 (17419 turns).

exia the Severer (Hill Orc Fighter)                Turns: 17419, Time: 00:20:49

Health: -3/110     AC: 17    Str: 24    XL:     12   Next: 75%
Magic:  12/12      EV:  9    Int:  8    God:    Okawaru [****..]
Gold:   686        SH:  5    Dex: 10    Spells: 11/11 levels left

rFire   + . .      SeeInvis .    l - +6 war axe
rCold   + . .      Faith    .    c - +0 buckler
rNeg    . . .      Spirit   .    C - +0 chain mail
rPois   .          Reflect  .    s - +0 helmet
rElec   .          Harm     .    A - +0 cloak
rCorr   .          Rampage  .    I - +1 pair of gloves
Will    .....                    (no boots)
Stlth   ..........               (no amulet)
HPRegen 0.38/turn                j - ring of protection from fire
MPRegen 0.13/turn                o - ring of protection from cold

@: lethally poisoned (-3 -> -19), on berserk cooldown, flying, slowed, very slow
A: no striking features
a: Renounce Religion, Heroism, Finesse


You were on level 2 of the Lair of Beasts.
You worshipped Okawaru.
Okawaru was greatly pleased with you.
You visited 3 branches of the dungeon, and saw 15 of its levels.
You also visited: Sewer.

You collected 867 gold pieces.
You spent 181 gold pieces at shops.

Inventory:

Hand Weapons
 b - a +4 hand axe of freezing
 l - a +6 war axe (weapon)
 J - a +1 halberd of flaming
Armour
 c - a +0 buckler (worn)
 s - a +0 helmet (worn)
 A - a +0 cloak (worn)
 C - a +0 chain mail (worn)
 H - a +0 pair of gloves
 I - a +1 pair of gloves (worn)
 M - a +2 cloak of preservation
Jewellery
 j - a ring of protection from fire (left hand)
 o - a ring of protection from cold (right hand)
 N - a ring of fire
 U - a ring of see invisible
Wands
 a - a wand of flame (5)
 F - a wand of mindburst (3)
 G - a wand of roots (5)
 K - a wand of digging (5)
 P - a wand of polymorph (5)
Scrolls
 f - 2 scrolls of summoning
 g - 2 scrolls of immolation
 i - 3 scrolls of butterflies
 k - 2 scrolls of vulnerability
 m - 3 scrolls of fear
 r - 2 scrolls of enchant weapon
 t - 4 scrolls of magic mapping
 u - a scroll of poison
 v - 2 scrolls of enchant armour
 w - a scroll of noise {unknown}
 y - 10 scrolls of teleportation
 D - 2 scrolls of silence
 E - a scroll of torment {unknown}
 Q - a scroll of blinking
 T - a scroll of brand weapon {unknown}
 V - a scroll of identify
Potions
 d - 2 potions of might
 e - 12 potions of curing
 h - 3 potions of brilliance
 n - 5 potions of attraction
 p - a potion of resistance
 q - a potion of berserk rage
 x - 3 potions of mutation {unknown}
 z - 2 potions of magic
 B - 3 potions of lignification {unknown}
 L - a potion of cancellation {unknown}
 O - a potion of degeneration {unknown}
 R - a potion of haste {unknown}
 S - a potion of flight


   Skills:
 + Level 11.1 Fighting
 * Level 18.7 Axes
 + Level 11.5 Armour
 + Level 2.9 Dodging
 + Level 1.0 Stealth
 + Level 6.5 Shields


You had 11 spell levels left.
You didn't know any spells.
Your spell library contained the following spells:

 Spells                   Type           Power      Damage    Failure   Level
 Ensorcelled Hibernation  Hex/Ice        0%         N/A       99%         2
 Passwall                 Tmut/Erth      0%         N/A       99%         2
 Scorch                   Fire           0%         2d5       99%         2
 Hailstorm                Conj/Ice       0%         3d3       100%        3
 Portal Projectile        Hex/Tloc       0%         N/A       100%        3
 Spider Form              Tmut/Pois      0%         N/A       100%        3
 Swiftness                Air            0%         N/A       100%        3
 Anguish                  Hex/Necr       0%         N/A       100%        4
 Flame Wave               Conj/Fire      0%         2d4       100%        4
 Ice Form                 Ice/Tmut       0%         N/A       100%        4
 Leda's Liquefaction      Hex/Erth       0%         N/A       100%        4
 Summon Small Mammal      Summ           Unusable   N/A       N/A         1
 Call Canine Familiar     Summ           Unusable   N/A       N/A         3
 Summon Guardian Golem    Hex/Summ       Unusable   N/A       N/A         3
 Simulacrum               Ice/Necr       Unusable   N/A       N/A         6
 Summon Cactus Giant      Summ           Unusable   N/A       N/A         6

Dungeon Overview and Level Annotations

Branches:
Dungeon (12/15)            Temple (1/1) D:5            Lair (2/5) D:10
  Sewer (visited)
  Swamp: Lair:2-3    Shoals: Lair:2-3     Snake: Lair:2-3    Spider: Lair:2-3
    Orc: D:9-12

Altars:
Ashenzari
Cheibriados
Dithmenos
Elyvilon
Fedhas
Gozag
Hepliaklqana
Kikubaaqudgha
Makhleb
Nemelex Xobeh
Okawaru
Qazlal
Ru
Sif Muna
Trog
Uskayaw
Vehumet
Wu Jian
Xom
Yredelemnul
Zin
The Shining One
Beogh

Shops:
D:6 ?   D:9 (


Message History

Your limbs have turned to stone.
You have turned to stone.
You are engulfed in calcifying dust.
The catoblepas gores you!!
You are engulfed in calcifying dust.
A nearby plant withers and dies.
The catoblepas gores you!!
You are engulfed in calcifying dust.
A nearby fungus withers and dies.
The catoblepas gores you!!
You are engulfed in calcifying dust.
The catoblepas gores you!
* * * LOW HITPOINT WARNING * * *
You are engulfed in calcifying dust.
The catoblepas gores you!!
* * * LOW HITPOINT WARNING * * *
The catoblepas gores you but does no damage. x3
You turn to flesh and can move again.
Unknown command.
You slice the catoblepas!!
You kill the catoblepas!
Okawaru is honoured by your kill.
You feel sick.
Unknown command.
You feel sick.
You feel a strong urge to attack something.
You are no longer berserk.
You are exhausted.
You feel yourself slow down.
You feel sick.
The cane toad stings you but does no damage.
You slash the cane toad!
The cane toad is severely wounded.
You feel sick. The cane toad stings you!
* * * LOW HITPOINT WARNING * * *
Unknown command.
You feel better. The cane toad stings you.
* * * LOW HITPOINT WARNING * * *
The cane toad stings you!
* * * LOW HITPOINT WARNING * * *
You are lethally poisoned!
The cane toad poisons you!
Unknown command.
It was a potion of flight.
You feel very buoyant.
You fly up into the air.
You die...

.............^.. ...
................ ^..
................ .#.
.........?.....^ ##
...............# ^^#
.....#....^...## ##.
.....##......... #..
......##F#P.##.. ........
........@....... .......
...........[#### ....#.
............# ##...#.
........##### #...#..
###.....# #..#.#
.....<..# ##...<.
........###########....#.
.)...)..#..#..P.##.#..#.#
.####.P...............###


You could see a cane toad.

Vanquished Creatures
  Erolcha (D:12)
  Fannar (D:11)
  A hydra (Lair:1)
  3 two-headed ogres
  A catoblepas (Lair:2)
  An ugly thing (D:11)
  A manticore (D:12)
  Maurice (D:8)
  2 cane toads
  An unseen horror (D:11)
  Psyche (D:8)
  Maggie (D:8)
  3 kobold demonologists
  3 komodo dragons (Lair:1)
  A hornet (D:10)
  5 blink frogs (Lair:1)
  3 shadows (D:11)
  2 wyverns (D:8)
  27 yaks
  4 wraiths
  4 steam dragons
  A basilisk (Lair:2)
  3 vampire mosquitoes
  4 water moccasins
  Pargi (Sewer)
  2 ice beasts
  3 sky beasts
  3 black bears
  3 ogres
  A wolf (Lair:2)
  A centaur (D:6)
  2 kobold brigands
  6 bullfrogs
  A necrophage (D:5)
  2 scorpions (D:5)
  9 wights
  6 electric eels
  15 howler monkeys
  3 hounds
  7 orc priests
  A gnoll bouda (D:7)
  Ijyb (D:5)
  4 iguanas
  6 orc wizards
  Robin (D:2)
  5 adders
  10 gnolls
  A river rat (D:3)
  2 shadow imps (D:7)
  2 white imps
  6 worms
  3 dart slugs
  18 orcs
  5 ball pythons
  11 endoplasms
  5 giant cockroaches
  15 goblins
  9 hobgoblins
  6 jackals (D:5)
  11 kobolds
  3 quokkas
  8 bats
  5 frilled lizards
  4 rats
282 creatures vanquished.

Vanquished Creatures (others)
  3 fungi (Lair:2)
  23 plants
26 creatures vanquished.

Grand Total: 308 creatures vanquished

Notes
Turn   | Place    | Note
-------+----------+-------------------------------------------
     0 | D:1      | exia the Hill Orc Fighter began the quest for the Orb.
     0 | D:1      | Reached XP level 1. HP: 19/19 MP: 1/1
   103 | D:1      | Reached XP level 2. HP: 13/27 MP: 2/2
  1014 | D:2      | Reached XP level 3. HP: 29/34 MP: 3/3
  1116 | D:2      | Reached skill level 3 in Axes
  1163 | D:2      | Noticed Robin
  1238 | D:2      | Killed Robin
  1290 | D:2      | Reached XP level 4. HP: 36/41 MP: 4/4
  1943 | D:3      | Found an ancient bone altar of Kikubaaqudgha.
  2046 | D:3      | Reached skill level 4 in Axes
  2073 | D:3      | Found a glowing drain.
  2078 | D:3      | Reached XP level 5. HP: 47/47 MP: 5/5
  2086 | Sewer    | Entered a sewer
  2188 | Sewer    | Noticed Pargi
  2214 | Sewer    | Killed Pargi
  2215 | Sewer    | Reached skill level 5 in Axes
  2386 | D:3      | Reached XP level 6. HP: 48/53 MP: 6/6
  2594 | D:3      | Noticed a black bear
  2618 | D:3      | Killed a black bear
  2619 | D:3      | Reached skill level 6 in Axes
  2626 | D:3      | Identified the +3 short sword of the Aged Teeth {freeze,
                  | rPois}
  2909 | D:4      | Reached skill level 1 in Dodging
  3095 | D:4      | Reached skill level 7 in Axes
  3095 | D:4      | Reached XP level 7. HP: 42/60 MP: 7/7
  3357 | D:4      | Reached skill level 5 in Fighting
  3805 | D:5      | Entered Level 5 of the Dungeon
  3818 | D:5      | Reached skill level 8 in Axes
  3935 | D:5      | Noticed Ijyb
  3973 | D:4      | Reached skill level 5 in Armour
  4303 | D:5      | Reached skill level 9 in Axes
  4303 | D:5      | Reached XP level 8. HP: 50/68 MP: 8/8
  4437 | D:5      | Found a staircase to the Ecumenical Temple.
  4455 | D:5      | Killed Ijyb
  4463 | Temple   | Entered the Ecumenical Temple
  4821 | D:5      | Reached skill level 10 in Axes
  5121 | D:6      | Found Cuakkaf's Magic Scroll Emporium.
  5129 | D:6      | Bought a scroll of teleportation for 33 gold pieces
  5129 | D:6      | Bought a scroll of identify for 22 gold pieces
  5129 | D:6      | Bought a scroll of blinking for 82 gold pieces
  5129 | D:6      | Bought a scroll of identify for 22 gold pieces
  5129 | D:6      | Bought a scroll of identify for 22 gold pieces
  5843 | D:6      | Found a blossoming altar of Fedhas.
  5843 | D:6      | Found a shimmering blue altar of Sif Muna.
  5851 | D:6      | Reached skill level 11 in Axes
  5853 | D:6      | Reached XP level 9. HP: 27/75 MP: 9/9
  6411 | D:7      | Reached skill level 12 in Axes
  7719 | D:7      | Reached skill level 5 in Shields
  7822 | D:7      | Reached skill level 13 in Axes
  8067 | D:7      | Found a broken altar of Ashenzari.
  8278 | D:7      | Found a stormy altar of Qazlal.
  8483 | D:8      | Found a sacrificial altar of Ru.
  8656 | D:8      | Reached XP level 10. HP: 79/86 MP: 10/10
  8691 | D:8      | Noticed Maggie
  8698 | D:8      | Killed Maggie
  8878 | D:8      | Noticed Maurice
  8891 | D:8      | Killed Maurice
  8892 | D:8      | Reached skill level 14 in Axes
  8981 | D:8      | Noticed Psyche
  8992 | D:8      | Killed Psyche
  9036 | D:8      | Found a white marble altar of Elyvilon.
  9759 | D:9      | Found a glowing silver altar of Zin.
  9825 | D:9      | Found Sifuqem's Weapon Boutique.
  9852 | D:9      | Reached skill level 15 in Axes
 10446 | D:9      | Found a roughly hewn altar of Beogh.
 10809 | D:10     | Entered Level 10 of the Dungeon
 10869 | D:10     | Found a staircase to the Lair.
 11025 | D:10     | Reached XP level 11. HP: 81/94 MP: 11/11
 11035 | D:10     | HP: 3/94 [electric eel/bolt of electricity (9)]
 11396 | D:10     | Noticed a two-headed ogre
 11406 | D:10     | Killed a two-headed ogre
 11407 | D:10     | Reached skill level 16 in Axes
 12114 | D:10     | Found an iron altar of Okawaru.
 12114 | D:10     | Found a glowing golden altar of the Shining One.
 12118 | D:10     | Became a worshipper of Warmaster Okawaru
 12191 | D:10     | Found a shadowy altar of Dithmenos.
 12572 | D:10     | Noticed a two-headed ogre
 12580 | D:10     | Killed a two-headed ogre
 12750 | D:11     | Reached * piety under Okawaru
 12751 | D:11     | Reached skill level 17 in Axes
 12788 | D:11     | Noticed Fannar
 12809 | D:11     | Killed Fannar
 13014 | D:11     | Noticed a green ugly thing
 13024 | D:11     | Killed a green ugly thing
 13433 | D:11     | Reached skill level 10 in Armour
 13524 | D:11     | Reached ** piety under Okawaru
 14298 | D:12     | Noticed a manticore
 14318 | D:12     | Killed a manticore
 14319 | D:12     | Reached XP level 12. HP: 66/106 MP: 12/12
 14444 | D:12     | Noticed a two-headed ogre
 14458 | D:12     | Killed a two-headed ogre
 14459 | D:12     | Reached skill level 10 in Fighting
 14465 | D:12     | Reached *** piety under Okawaru
 14471 | D:12     | Noticed Erolcha
 14766 | D:12     | Paralysed by Erolcha for 5 turns
 14776 | D:12     | Paralysed by Erolcha for 3 turns
 14922 | D:12     | Killed Erolcha
 14923 | D:12     | Reached skill level 18 in Axes
 15501 | Lair:1   | Entered Level 1 of the Lair of Beasts
 15569 | Lair:1   | Noticed a five-headed hydra
 15837 | Lair:1   | Killed a one-headed hydra
 15837 | Lair:1   | Reached **** piety under Okawaru
 16711 | Lair:1   | Reached skill level 1 in Stealth
 17387 | Lair:2   | Noticed a catoblepas
 17414 | Lair:2   | Killed a catoblepas
 17418 | Lair:2   | HP: 2/110 [cane toad (7)]
 17419 | Lair:2   | Succumbed to a cane toad's poison

Illustrated notes

Levels and vault maps discovered:
D:1:      onia_arrival_pyramid, layout_basic
D:2:      layout_rooms, uniq_robin
D:3:      kb_forest_paths, layout_basic,
          mainiacjoe_overflow_concentric_impassable, gup_sewer_entry_bubbles,
          minmay_between
D:4:      layout_basic
D:5:      layout_rooms, minmay_temple_entry_ruins, uniq_ijyb
D:6:      layout_loops_ring, gammafunk_temple_overflow_pools, serial_shops,
          nicolae_shop_hallway_stairs
D:7:      layout_rooms, grunt_qazlal_sundering, old_standard_altar
D:8:      layout_loops_ring, nicolae_ru_sacrificial_ziggurat,
          mainiacjoe_overflow_alcove_4, uniq_psyche, uniq_maurice, uniq_maggie
D:9:      layout_roguey, lemuel_crystal_altar, serial_shops,
          nicolae_shop_bloodbath_and_beyond, serial_bayou_ford_a,
          david_defended_altar_orc
D:10:     layout_basic, nicolae_dithmenos_through_a_glass_darkly,
          gammafunk_temple_overflow_wave, dpeg_oklobed_lair, kennysheep_path_1
D:11:     layout_layer_cave, minmay_misc_feat_roman, uniq_fannar
D:12:     layout_rooms, minmay_orc_entry_temple_small, uniq_kirke, uniq_erolcha
Temple:   minmay_temple_curvy_loop
Lair:1:   layout_long_grid, serial_bayou_shore_b, serial_bayou_shore_a,
          serial_bayou_shore_b
Lair:2:   layout_gridlike, spider_nest_entry_webs, beast_lair_carwin_9

Skill      XL: |  1  2  3  4  5  6  7  8  9 10 11 12 |
---------------+-------------------------------------+-----
Fighting       | 4 5 7 8 9 11 | 11.1
Axes           | 3 4 5 7 9 11 13 15 17 18 | 18.7
Shields        | 4 5 6 |  6.5
Armour         | 4 5 6 7 8 10 11 | 11.5
Dodging        | 1 2 |  2.9
Stealth        | 1 |  1.0

Action                   |  1- 3 |  4- 6 |  7- 9 | 10-12 || total
-------------------------+-------+-------+-------+-------++-------
Melee: War axe           |    63 |   190 |   304 |   486 ||  1043
       Hand axe          |       |       |     3 |       ||     3
       Halberd           |       |       |       |     6 ||     6
Invok: Heroism           |       |       |       |     1 ||     1
  Use: Scroll            |       |     3 |    10 |     7 ||    20
       Potion            |       |       |     1 |     5 ||     6
Armor: Scale mail        |    24 |    98 |       |       ||   122
       Chain mail        |       |       |   164 |   207 ||   371
Dodge: Dodged            |    30 |   100 |   108 |   149 ||   387
Block: Buckler           |    11 |    55 |    57 |    82 ||   205

Table legend: (Time is in decaauts)
 A = Elapsed time spent in this place.
 B = Non-inter-level travel time spent in this place.
 C = Inter-level travel time spent in this place.
 D = Time resting spent in this place.
 E = Time spent auto-exploring this place.
 F = Levels seen in this place.
 G = Mean time per level.
                   A        B        C        D        E       F      G
               +--------+--------+--------+--------+--------+-----+--------+
         Total |  17471 |  16055 |   1416 |   4328 |   9399 |  16 | 1091.9 |
       Dungeon |  15009 |  13919 |   1090 |   4282 |   7655 |  12 | 1250.8 |
        Temple |    313 |    228 |     85 |      0 |    221 |   1 |  313.0 |
          Lair |   1910 |   1669 |    241 |     46 |   1359 |   2 |  955.0 |
         Sewer |    238 |    238 |      0 |      0 |    164 |   1 |  238.0 |
               +--------+--------+--------+--------+--------+-----+--------+

Top non-repeatable levels by time:
    D:11: 2137 daAuts
     D:6: 2024 daAuts
    D:10: 2011 daAuts
     D:9: 1437 daAuts
     D:4: 1335 daAuts
  Lair:1: 1295 daAuts
     D:7: 1097 daAuts
     D:1: 1062 daAuts
     D:8: 961 daAuts
     D:5: 839 daAuts
     D:2: 824 daAuts
     D:3: 813 daAuts
  Lair:2: 615 daAuts
    D:12: 465 daAuts
  Temple: 313 daAuts
